Espoo Blues vs Laval Squanderers
Created - Monday, July 3, 2023 at 08:11
Goals
|
| Espoo Blues |
2 |
1 |
0 |
3 |
| Laval Squanderers |
0 |
3 |
2 |
5 |
|
Shots
|
| Espoo Blues |
12 |
6 |
12 |
30 |
| Laval Squanderers |
9 |
13 |
14 |
36 |
|
1st period
1. Espoo Blues , Derek Grant 1 (Stefan Noesen 1) at 4:15
2. Espoo Blues , Stefan Noesen 3 (Derek Grant 3, Chad Ruhwedel 1) at 13:19
Penalties :
Fredrik Karlstrom (ESP) for Holding Stick (Minor) at 5:45, Anton Blidh (ESP) for Hooking (Minor) at 17:40
2nd period
3. Laval Squanderers , Lias Andersson 2 (Martin Kaut 1, Simon Holmstrom 1) at 13:26
4. Espoo Blues , Stefan Noesen 4 (Joe Snively 2, Derick Brassard 4) at 16:07 (PP)
5. Laval Squanderers , Graeme Clarke 1 (Lukas Reichel 1) at 18:37
6. Laval Squanderers , Lukas Reichel 1 (Graeme Clarke 1) at 18:57
Penalties :
Brayden Tracey (LSQ) for Boarding (Minor) at 0:51, Mike Hardman (LSQ) for Goalie Interference (Minor) at 15:53, Justin Barron (LSQ) for Fighting (Major) at 18:31, Derek Grant (ESP) for Fighting (Major) at 18:31
3rd period
7. Laval Squanderers , Danila Klimovich 1 (Kaedan Korczak 1, Mike Hardman 2) at 15:08
8. Laval Squanderers , Reese Johnson 1 (Graeme Clarke 2, Lukas Reichel 2) at 18:47
Penalties :
Derick Brassard (ESP) for Diving (Minor) at 0:53
Goalie Stats
Spencer Knight (ESP), 31 saves from 36 shots - (0.861), L, 2-1-0, 60:00 minutes
Mads Sogaard (LSQ), 27 saves from 30 shots - (0.900), W, 1-0-0, 60:00 minutes
Players Stats for Espoo Blues
Player Name G A P +/- PIM S H SB GA TA FO MP PP MP PK MP
------------------------------------------------------------------------------------
Anton Blidh 0 0 0 0 2 3 2 0 0 0 0/0 13:55 0:08 0:10
Brendan Lemieux 0 0 0 0 0 3 2 1 2 0 0/0 17:36 0:53 0:00
Cam York 0 0 0 0 0 0 1 0 0 1 0/0 21:47 0:53 2:38
Chad Ruhwedel 0 1 1 0 0 1 1 2 0 2 0/0 20:17 0:53 2:38
Derek Grant 1 1 2 1 5 2 1 0 2 0 7/18 18:03 0:53 2:06
Derick Brassard 0 1 1 -2 2 4 5 0 1 0 12/17 19:15 1:12 1:28
Fredrik Karlstrom 0 0 0 0 2 0 1 0 0 0 5/9 14:19 0:00 0:49
Gavin Bayreuther 0 0 0 1 0 0 0 0 0 2 0/0 11:51 0:00 0:00
Joe Snively 0 1 1 -3 0 3 2 0 1 0 1/2 19:20 1:12 1:17
Logan O'Connor 0 0 0 -2 0 5 3 0 1 2 1/3 19:52 0:08 3:02
Mattias Janmark 0 0 0 0 0 0 0 0 0 0 0/2 4:14 0:08 2:38
Mattias Samuelsson 0 0 0 -4 0 1 1 3 0 0 0/0 27:23 1:20 2:50
Michael Stone 0 0 0 -4 0 0 3 0 1 2 0/0 26:22 1:20 3:19
Patric Hornqvist 0 0 0 0 0 3 4 0 0 0 1/1 14:22 0:53 0:00
Ridly Greig 0 0 0 -1 0 0 0 0 0 0 0/0 5:30 0:00 0:00
Stefan Noesen 2 1 3 -1 0 5 1 0 3 0 0/4 21:25 1:12 0:00
Urho Vaakanainen 0 0 0 1 0 0 1 0 0 0 0/0 12:20 0:00 0:29
Viktor Lodin 0 0 0 -1 0 0 1 1 0 0 0/4 6:08 0:00 0:24
Players Stats for Laval Squanderers
Player Name G A P +/- PIM S H SB GA TA FO MP PP MP PK MP
------------------------------------------------------------------------------------
Alex Green 0 0 0 2 0 1 2 2 0 0 0/0 21:38 3:08 1:11
Braden Schneider 0 0 0 0 0 0 2 0 0 2 0/0 22:38 3:07 1:02
Brayden Tracey 0 0 0 1 2 5 2 0 0 1 0/1 10:06 0:20 0:00
Danila Klimovich 1 0 1 1 0 1 3 0 0 1 4/9 9:27 0:00 0:00
Graeme Clarke 1 2 3 2 0 3 1 0 1 0 11/14 15:43 0:19 0:00
Joey Keane 0 0 0 1 0 0 0 1 0 0 0/0 15:14 0:00 0:00
Justin Barron 0 0 0 0 5 0 1 0 0 1 0/0 19:13 1:57 1:11
Kaedan Korczak 0 1 1 3 0 2 3 0 0 1 0/0 18:08 0:53 0:00
Lias Andersson 1 0 1 1 0 1 3 1 3 0 7/15 15:27 2:39 0:00
Lukas Reichel 1 2 3 2 0 4 0 0 1 0 0/0 16:17 0:19 0:14
Mackenzie MacEachern 0 0 0 -1 0 1 2 0 1 0 0/0 17:36 2:39 1:06
Mark Kastelic 0 0 0 -1 0 2 3 0 1 0 11/18 17:23 2:39 0:53
Martin Kaut 0 1 1 1 0 2 5 0 1 1 0/1 16:33 2:39 1:06
Mike Hardman 0 1 1 1 2 2 1 0 0 0 0/0 10:30 0:39 0:05
Nils Lundkvist 0 0 0 0 0 3 0 0 1 2 0/0 23:08 2:49 1:02
Oliver Wahlstrom 0 0 0 -1 0 3 2 0 0 1 0/1 17:32 2:39 1:02
Reese Johnson 1 0 1 2 0 2 2 0 0 0 0/1 15:44 0:20 0:00
Simon Holmstrom 0 1 1 1 0 4 0 0 0 1 0/0 15:27 2:39 0:00
3 Stars
1 - Graeme Clarke (LSQ)
2 - Lukas Reichel (LSQ)
3 - Stefan Noesen (ESP)
Power Play
Espoo Blues - 1 on 2 Attempt(s) - 50.00%
Laval Squanderers - 0 on 3 Attempt(s) - 0.00%
Penalty Kill
Espoo Blues - 3 on 3 Attempt(s) - 100.00%
- Score 0 goal in Penalty Kill
Laval Squanderers - 1 on 2 Attempt(s) - 50.00%
- Score 0 goal in Penalty Kill
Team Stat
Espoo Blues - Hits : 29 - Faceoff Wins : 27 - Blocked Shots : 7 - Penalty Minutes : 11
Laval Squanderers - Hits : 32 - Faceoff Wins : 33 - Blocked Shots : 4 - Penalty Minutes : 9
Official
Referees : Graham Skiliter and Dean Morton
Linesman : Ryan Galloway and Tim Nowak
Game Notes
Justin Barron beats up Derek Grant at 18:31 of 2nd period
13:12 of 3rd period - Espoo Blues goal is going for a video replay. After video review, No Goal. The attacking player has interfered with a goalkeeper in his goal crease.
Espoo Blues
5 vs 5 Forward
Center Left Wing Right Wing Time % Phy DF OF
1 Derick Brassard Joe Snively Logan O'Connor 37 1 1 2
2 Derek Grant Brendan Lemieux Stefan Noesen 36 1 2 2
3 Fredrik Karlstrom Anton Blidh Patric Hornqvist 22 1 2 2
4 Viktor Lodin Ridly Greig Stefan Noesen 5 1 2 2
5 vs 5 Defense
Defense Defense Time % Phy DF OF
1 Mattias Samuelsson Michael Stone 41 1 2 2
2 Chad Ruhwedel Cam York 32 1 2 2
3 Urho Vaakanainen Gavin Bayreuther 20 1 2 2
4 Mattias Samuelsson Cam York 7 1 2 2
PowerPlay Forward
Center Left Wing Right Wing Time % Phy DF OF
1 Derick Brassard Joe Snively Stefan Noesen 62 1 2 2
2 Derek Grant Brendan Lemieux Patric Hornqvist 38 1 2 2
PowerPlay Defense
Defense Defense Time % Phy DF OF
1 Mattias Samuelsson Michael Stone 60 1 2 2
2 Chad Ruhwedel Cam York 40 1 2 2
Penalty Kill 4 Players Forward
Center Wing Time % Phy DF OF
1 Derek Grant Logan O'Connor 60 1 2 2
2 Derick Brassard Mattias Janmark 40 1 2 2
Penalty Kill 4 Players Defense
Defense Defense Time % Phy DF OF
1 Mattias Samuelsson Michael Stone 60 1 2 2
2 Chad Ruhwedel Cam York 40 1 2 2
Penalty Kill - 3 Players Forward
Forward Time % Phy DF OF
1 Derek Grant 60 1 2 2
2 Derick Brassard 40 1 2 2
Penalty Kill - 3 Players Defense
Defense Defense Time % Phy DF OF
1 Mattias Samuelsson Michael Stone 60 1 2 2
2 Chad Ruhwedel Cam York 40 1 2 2
4 vs 4 Forward
Center Wing Time % Phy DF OF
1 Derek Grant Stefan Noesen 60 1 2 2
2 Derick Brassard Joe Snively 40 1 2 2
4 vs 4 Defense
Defense Defense Time % Phy DF OF
1 Mattias Samuelsson Michael Stone 60 1 2 2
2 Chad Ruhwedel Cam York 40 1 2 2
Last Minutes Offensive
Center Left Wing Right Wing Defense Defense
Derek Grant Joe Snively Stefan Noesen Mattias Samuelsson Michael Stone
Last Minutes Defensive
Center Left Wing Right Wing Defense Defense
Derek Grant Derick Brassard Logan O'Connor Mattias Samuelsson Michael Stone
Goaltenders
Starting : Spencer Knight
Backup : Stuart Skinner
Extra Forwards
Normal : Stefan Noesen, Joe Snively, Derick Brassard - PP : Stefan Noesen, Joe Snively - PK : Logan O'Connor
Extra Defensemen
Normal : Cam York, Mattias Samuelsson, Michael Stone - PP : Michael Stone - PK : Urho Vaakanainen, Gavin Bayreuther
Penalty Shots
Stefan Noesen, Patric Hornqvist, Joe Snively, Brendan Lemieux, Viktor Lodin
Laval Squanderers
5 vs 5 Forward
Center Left Wing Right Wing Time % Phy DF OF
1 Mark Kastelic Mackenzie MacEachern Oliver Wahlstrom 30 1 2 2
2 Lias Andersson Simon Holmstrom Martin Kaut 30 1 2 2
3 Graeme Clarke Lukas Reichel Reese Johnson 25 1 2 2
4 Danila Klimovich Mike Hardman Brayden Tracey 15 1 2 2
5 vs 5 Defense
Defense Defense Time % Phy DF OF
1 Braden Schneider Nils Lundkvist 35 1 2 2
2 Justin Barron Alex Green 35 1 2 2
3 Kaedan Korczak Joey Keane 30 1 2 2
4 Braden Schneider Nils Lundkvist 0 1 2 2
PowerPlay Forward
Center Left Wing Right Wing Time % Phy DF OF
1 Mark Kastelic Mackenzie MacEachern Oliver Wahlstrom 50 1 2 2
2 Lias Andersson Simon Holmstrom Martin Kaut 50 1 2 2
PowerPlay Defense
Defense Defense Time % Phy DF OF
1 Braden Schneider Nils Lundkvist 50 1 2 2
2 Justin Barron Alex Green 50 1 2 2
Penalty Kill 4 Players Forward
Center Wing Time % Phy DF OF
1 Oliver Wahlstrom Mark Kastelic 50 1 2 2
2 Martin Kaut Mackenzie MacEachern 50 1 2 2
Penalty Kill 4 Players Defense
Defense Defense Time % Phy DF OF
1 Braden Schneider Nils Lundkvist 50 1 2 2
2 Justin Barron Alex Green 50 1 2 2
Penalty Kill - 3 Players Forward
Forward Time % Phy DF OF
1 Oliver Wahlstrom 50 1 2 2
2 Mark Kastelic 50 1 2 2
Penalty Kill - 3 Players Defense
Defense Defense Time % Phy DF OF
1 Braden Schneider Nils Lundkvist 50 1 2 2
2 Justin Barron Alex Green 50 1 2 2
4 vs 4 Forward
Center Wing Time % Phy DF OF
1 Oliver Wahlstrom Mark Kastelic 50 1 2 2
2 Martin Kaut Mackenzie MacEachern 50 1 2 2
4 vs 4 Defense
Defense Defense Time % Phy DF OF
1 Braden Schneider Nils Lundkvist 50 1 2 2
2 Justin Barron Alex Green 50 1 2 2
Last Minutes Offensive
Center Left Wing Right Wing Defense Defense
Mark Kastelic Mackenzie MacEachern Oliver Wahlstrom Braden Schneider Nils Lundkvist
Last Minutes Defensive
Center Left Wing Right Wing Defense Defense
Mark Kastelic Mackenzie MacEachern Oliver Wahlstrom Braden Schneider Nils Lundkvist
Goaltenders
Starting : Mads Sogaard
Backup : Dylan Garand
Extra Forwards
Normal : Brayden Tracey, Reese Johnson, Lukas Reichel - PP : Brayden Tracey, Reese Johnson - PK : Lukas Reichel
Extra Defensemen
Normal : Kaedan Korczak, Joey Keane, Justin Barron - PP : Kaedan Korczak - PK : Joey Keane, Justin Barron
Penalty Shots
Oliver Wahlstrom, Mark Kastelic, Martin Kaut, Mackenzie MacEachern, Reese Johnson
% Time on Ice - Espoo Blues
Lines # - Real PCT - Wanted PCT - Time Play
Normal Forward
1 - 31% - 37% - 16:18
2 - 32% - 36% - 16:48
3 - 26% - 22% - 13:14
4 - 11% - 5% - 5:30
Normal Defense
1 - 42% - 41% - 21:43
2 - 32% - 32% - 16:46
3 - 23% - 20% - 11:51
4 - 3% - 7% - 1:30
PP Forward
1 - 60% - 62% - 1:20
2 - 40% - 38% - 0:53
PP Defense
1 - 60% - 60% - 1:20
2 - 40% - 40% - 0:53
PK Forward
1 - 78% - 60% - 4:37
2 - 22% - 40% - 1:20
PK Defense
1 - 56% - 60% - 3:19
2 - 44% - 40% - 2:38
PK3 Forward
1 - 0% - 60%
2 - 0% - 40%
PK3 Defense
1 - 0% - 60%
2 - 0% - 40%
44 Forward
1 - 0% - 60%
2 - 0% - 40%
44 Defense
1 - 0% - 60%
2 - 0% - 40%
Last Minute Offensive - 0:00
Last Minute Defensive - 0:00
Total
Forward - 60:00
Defense - 60:00
|
% Time on Ice - Laval Squanderers
Lines # - Real PCT - Wanted PCT - Time Play
Normal Forward
1 - 27% - 30% - 13:51
2 - 25% - 30% - 13:08
3 - 30% - 25% - 15:24
4 - 18% - 15% - 9:27
Normal Defense
1 - 35% - 35% - 18:08
2 - 36% - 35% - 18:28
3 - 29% - 30% - 15:14
4 - 0% - 0% - 0:00
PP Forward
1 - 50% - 50% - 2:59
2 - 50% - 50% - 2:58
PP Defense
1 - 46% - 50% - 2:44
2 - 54% - 50% - 3:13
PK Forward
1 - 47% - 50% - 1:02
2 - 53% - 50% - 1:11
PK Defense
1 - 47% - 50% - 1:02
2 - 53% - 50% - 1:11
PK3 Forward
1 - 0% - 50%
2 - 0% - 50%
PK3 Defense
1 - 0% - 50%
2 - 0% - 50%
44 Forward
1 - 0% - 50%
2 - 0% - 50%
44 Defense
1 - 0% - 50%
2 - 0% - 50%
Last Minute Offensive - 0:00
Last Minute Defensive - 0:00
Total
Forward - 60:00
Defense - 60:00
|
Play-by-Play
1st period
0:01 of 1st period - Derick Brassard wins face-off versus Mark Kastelic in neutral zone.
0:14 of 1st period - Wrist shot by Mark Kastelic.
0:14 of 1st period - Shot Misses the Net.
0:16 of 1st period - Slapshot by Nils Lundkvist.
0:16 of 1st period - Deflect By Derick Brassard.
0:16 of 1st period - Stopped by Spencer Knight with a rebound.
0:54 of 1st period - Slapshot by Derek Grant.
0:54 of 1st period - Shot Misses the Net.
0:56 of 1st period - Backhand shot by Michael Stone.
0:56 of 1st period - Deflect By Stefan Noesen.
0:56 of 1st period - Shot Misses the Net.
0:56 of 1st period - Puck is out of play.
0:57 of 1st period - Patric Hornqvist wins face-off versus Brayden Tracey in Laval Squanderers zone.
0:58 of 1st period - Wrist shot by Anton Blidh.
0:58 of 1st period - Stopped by Mads Sogaard with a rebound.
1:49 of 1st period - Wrist shot by Mark Kastelic.
1:49 of 1st period - Shot Misses the Net.
1:51 of 1st period - Wrist shot by Mackenzie MacEachern.
1:51 of 1st period - Shot Misses the Net.
1:53 of 1st period - Wrist shot by Mackenzie MacEachern.
1:53 of 1st period - Shot Misses the Net.
2:08 of 1st period - Wrist shot by Derick Brassard.
2:08 of 1st period - Stopped by Mads Sogaard with a rebound.
2:10 of 1st period - Wrist shot by Logan O'Connor.
2:10 of 1st period - Stopped by Mads Sogaard with a rebound.
2:22 of 1st period - Snap shot by Patric Hornqvist.
2:22 of 1st period - Shot Misses the Net.
2:36 of 1st period - Slapshot by Brayden Tracey.
2:36 of 1st period - Stopped by Spencer Knight with a rebound.
3:29 of 1st period - Slapshot by Lukas Reichel.
3:29 of 1st period - Deflect By Graeme Clarke.
3:29 of 1st period - Stopped by Spencer Knight with a rebound.
3:31 of 1st period - Slapshot by Braden Schneider.
3:31 of 1st period - Shot Blocked by Brendan Lemieux.
3:33 of 1st period - Wrist shot by Lukas Reichel.
3:33 of 1st period - Shot Misses the Net.
3:35 of 1st period - Snap shot by Nils Lundkvist.
3:35 of 1st period - Stopped by Spencer Knight without a rebound.
3:36 of 1st period - Mark Kastelic wins face-off versus Derick Brassard in Espoo Blues zone.
4:15 of 1st period - Backhand shot by Derek Grant.
4:15 of 1st period - Goal by Derek Grant - Espoo Blues : 1 - Laval Squanderers : 0.
4:16 of 1st period - Lias Andersson wins face-off versus Derek Grant in neutral zone.
4:19 of 1st period - Stefan Noesen is hit by Martin Kaut and loses puck.
4:31 of 1st period - Wrist shot by Brendan Lemieux.
4:31 of 1st period - Stopped by Mads Sogaard with a rebound.
4:56 of 1st period - Snap shot by Lias Andersson.
4:56 of 1st period - Shot Blocked by Mattias Samuelsson.
4:58 of 1st period - Slapshot by Justin Barron.
4:58 of 1st period - Shot Misses the Net.
5:00 of 1st period - Slapshot by Simon Holmstrom.
5:00 of 1st period - Shot Misses the Net.
5:02 of 1st period - Snap shot by Lias Andersson.
5:02 of 1st period - Shot Misses the Net.
5:16 of 1st period - Wrist shot by Martin Kaut.
5:16 of 1st period - Shot Misses the Net.
5:43 of 1st period - Snap shot by Lias Andersson.
5:43 of 1st period - Shot Misses the Net.
5:45 of 1st period - Minor Penalty to Fredrik Karlstrom for Holding Stick.
5:46 of 1st period - Mark Kastelic wins face-off versus Derek Grant in Espoo Blues zone.
6:18 of 1st period - Mackenzie MacEachern is hit by Derick Brassard and loses puck.
7:24 of 1st period - Slapshot by Joe Snively.
7:24 of 1st period - Deflect By Viktor Lodin.
7:24 of 1st period - Shot Misses the Net.
7:24 of 1st period - Puck is out of play.
7:25 of 1st period - Mark Kastelic wins face-off versus Viktor Lodin in Laval Squanderers zone.
7:45 of 1st period - Penalty to Fredrik Karlstrom is over, Fredrik Karlstrom is back on ice.
7:58 of 1st period - Wrist shot by Graeme Clarke.
7:58 of 1st period - Deflect By Mattias Samuelsson.
7:58 of 1st period - Shot Misses the Net.
7:58 of 1st period - Puck is out of play.
7:59 of 1st period - Derek Grant wins face-off versus Danila Klimovich in Espoo Blues zone.
8:12 of 1st period - Snap shot by Mike Hardman.
8:12 of 1st period - Deflect By Brendan Lemieux.
8:12 of 1st period - Shot Misses the Net.
8:12 of 1st period - Puck is out of play.
8:13 of 1st period - Derek Grant wins face-off versus Mark Kastelic in Espoo Blues zone.
8:24 of 1st period - Slapshot by Stefan Noesen.
8:24 of 1st period - Shot Misses the Net.
8:49 of 1st period - Snap shot by Joe Snively.
8:49 of 1st period - Stopped by Mads Sogaard without a rebound.
8:50 of 1st period - Mark Kastelic wins face-off versus Derek Grant in Laval Squanderers zone.
9:03 of 1st period - Slapshot by Oliver Wahlstrom.
9:03 of 1st period - Shot Misses the Net.
9:05 of 1st period - Snap shot by Oliver Wahlstrom.
9:05 of 1st period - Stopped by Spencer Knight without a rebound.
9:06 of 1st period - Graeme Clarke wins face-off versus Derick Brassard in Espoo Blues zone.
9:33 of 1st period - Oliver Wahlstrom is hit by Cam York and loses puck.
9:58 of 1st period - Wrist shot by Fredrik Karlstrom.
9:58 of 1st period - Shot Misses the Net.
10:39 of 1st period - Michael Stone is hit by Reese Johnson and loses puck.
10:56 of 1st period - Wrist shot by Oliver Wahlstrom.
10:56 of 1st period - Stopped by Spencer Knight with a rebound.
10:58 of 1st period - Snap shot by Mark Kastelic.
10:58 of 1st period - Shot Blocked by Mattias Samuelsson.
12:38 of 1st period - Icing by Brayden Tracey.
12:39 of 1st period - Derick Brassard wins face-off versus Lias Andersson in Laval Squanderers zone.
12:44 of 1st period - Snap shot by Logan O'Connor.
12:44 of 1st period - Stopped by Mads Sogaard with a rebound.
13:15 of 1st period - Wrist shot by Stefan Noesen.
13:15 of 1st period - Stopped by Mads Sogaard with a rebound.
13:17 of 1st period - Snap shot by Derek Grant.
13:17 of 1st period - Stopped by Mads Sogaard with a rebound.
13:19 of 1st period - Wrist shot by Stefan Noesen.
13:19 of 1st period - Goal by Stefan Noesen - Espoo Blues : 2 - Laval Squanderers : 0.
13:20 of 1st period - Derek Grant wins face-off versus Mark Kastelic in neutral zone.
13:45 of 1st period - Graeme Clarke is hit by Michael Stone and loses puck.
14:04 of 1st period - Snap shot by Martin Kaut.
14:04 of 1st period - Shot Misses the Net.
14:06 of 1st period - Snap shot by Martin Kaut.
14:06 of 1st period - Deflect By Gavin Bayreuther.
14:06 of 1st period - Shot Misses the Net.
14:06 of 1st period - Puck is out of play.
14:07 of 1st period - Fredrik Karlstrom wins face-off versus Lias Andersson in Espoo Blues zone.
14:26 of 1st period - Anton Blidh is hit by Lias Andersson and loses puck.
14:35 of 1st period - Snap shot by Martin Kaut.
14:35 of 1st period - Deflect By Simon Holmstrom.
14:35 of 1st period - Stopped by Spencer Knight without a rebound.
14:36 of 1st period - Mark Kastelic wins face-off versus Stefan Noesen in Espoo Blues zone.
15:15 of 1st period - Wrist shot by Brayden Tracey.
15:15 of 1st period - Stopped by Spencer Knight without a rebound.
15:16 of 1st period - Fredrik Karlstrom wins face-off versus Reese Johnson in Espoo Blues zone.
15:23 of 1st period - Wrist shot by Fredrik Karlstrom.
15:23 of 1st period - Shot Misses the Net.
15:25 of 1st period - Wrist shot by Patric Hornqvist.
15:25 of 1st period - Stopped by Mads Sogaard with a rebound.
15:27 of 1st period - Snap shot by Anton Blidh.
15:27 of 1st period - Stopped by Mads Sogaard without a rebound.
15:28 of 1st period - Derek Grant wins face-off versus Mark Kastelic in Laval Squanderers zone.
15:57 of 1st period - Off-side.
15:58 of 1st period - Derick Brassard wins face-off versus Graeme Clarke in neutral zone.
16:26 of 1st period - Mackenzie MacEachern is hit by Brendan Lemieux and loses puck.
17:09 of 1st period - Danila Klimovich is hit by Derick Brassard.
17:40 of 1st period - Minor Penalty to Anton Blidh for Hooking.
17:41 of 1st period - Derek Grant wins face-off versus Lias Andersson in Espoo Blues zone.
17:49 of 1st period - Snap shot by Martin Kaut.
17:49 of 1st period - Stopped by Spencer Knight without a rebound.
17:50 of 1st period - Logan O'Connor wins face-off versus Lias Andersson in Espoo Blues zone.
17:50 of 1st period - Logan O'Connor is hit by Braden Schneider.
18:02 of 1st period - Snap shot by Lias Andersson.
18:02 of 1st period - Deflect By Michael Stone.
18:02 of 1st period - Shot Misses the Net.
18:02 of 1st period - Puck is out of play.
18:03 of 1st period - Lias Andersson wins face-off versus Derek Grant in Espoo Blues zone.
19:09 of 1st period - Icing by Lias Andersson.
19:10 of 1st period - Derek Grant wins face-off versus Lias Andersson in Laval Squanderers zone.
19:40 of 1st period - Penalty to Anton Blidh is over, Anton Blidh is back on ice.
19:53 of 1st period - Cam York is hit by Reese Johnson.
Goals for this period are 2 for Espoo Blues vs 0 for Laval Squanderers.
Shots for this period are 12 for Espoo Blues vs 9 for Laval Squanderers.
2nd period
0:01 of 2nd period - Mark Kastelic wins face-off versus Derek Grant in neutral zone.
0:04 of 2nd period - Stefan Noesen is hit by Mackenzie MacEachern and loses puck.
0:25 of 2nd period - Nils Lundkvist is hit by Joe Snively and loses puck.
0:51 of 2nd period - Minor Penalty to Brayden Tracey for Boarding.
0:52 of 2nd period - Derick Brassard wins face-off versus Oliver Wahlstrom in Laval Squanderers zone.
1:24 of 2nd period - Chad Ruhwedel is hit by Oliver Wahlstrom and loses puck.
2:19 of 2nd period - Braden Schneider is hit by Brendan Lemieux.
2:51 of 2nd period - Penalty to Brayden Tracey is over, Brayden Tracey is back on ice.
2:56 of 2nd period - Justin Barron is hit by Logan O'Connor.
3:00 of 2nd period - Wrist shot by Lukas Reichel.
3:00 of 2nd period - Shot Blocked by Chad Ruhwedel.
4:12 of 2nd period - Lukas Reichel is hit by Logan O'Connor.
4:22 of 2nd period - Chad Ruhwedel is hit by Justin Barron and loses puck.
4:53 of 2nd period - Slapshot by Graeme Clarke.
4:53 of 2nd period - Shot Misses the Net.
5:11 of 2nd period - Mattias Samuelsson is hit by Kaedan Korczak and loses puck.
5:26 of 2nd period - Derek Grant is hit by Danila Klimovich and loses puck.
5:43 of 2nd period - Simon Holmstrom is hit by Chad Ruhwedel and loses puck.
6:10 of 2nd period - Chad Ruhwedel is hit by Braden Schneider and loses puck.
6:25 of 2nd period - Urho Vaakanainen is hit by Brayden Tracey and loses puck.
6:32 of 2nd period - Joe Snively is hit by Brayden Tracey and loses puck.
6:45 of 2nd period - Lias Andersson is hit by Patric Hornqvist and loses puck.
7:41 of 2nd period - Derek Grant is hit by Danila Klimovich.
8:09 of 2nd period - Cam York is hit by Mark Kastelic and loses puck.
8:40 of 2nd period - Michael Stone is hit by Martin Kaut and loses puck.
8:55 of 2nd period - Slapshot by Brayden Tracey.
8:55 of 2nd period - Stopped by Spencer Knight without a rebound.
8:56 of 2nd period - Danila Klimovich wins face-off versus Viktor Lodin in Espoo Blues zone.
8:57 of 2nd period - Wrist shot by Mike Hardman.
8:57 of 2nd period - Shot Blocked by Mattias Samuelsson.
8:59 of 2nd period - Slapshot by Mike Hardman.
8:59 of 2nd period - Stopped by Spencer Knight with a rebound.
9:01 of 2nd period - Snap shot by Brayden Tracey.
9:01 of 2nd period - Stopped by Spencer Knight with a rebound.
9:03 of 2nd period - Wrist shot by Danila Klimovich.
9:03 of 2nd period - Deflect By Brayden Tracey.
9:03 of 2nd period - Shot Misses the Net.
9:03 of 2nd period - Puck is out of play.
9:04 of 2nd period - Mark Kastelic wins face-off versus Derick Brassard in Espoo Blues zone.
9:25 of 2nd period - Joe Snively is hit by Mark Kastelic.
9:41 of 2nd period - Wrist shot by Martin Kaut.
9:41 of 2nd period - Shot Misses the Net.
9:43 of 2nd period - Snap shot by Simon Holmstrom.
9:43 of 2nd period - Shot Misses the Net.
9:45 of 2nd period - Wrist shot by Simon Holmstrom.
9:45 of 2nd period - Stopped by Spencer Knight without a rebound.
9:46 of 2nd period - Graeme Clarke wins face-off versus Fredrik Karlstrom in Espoo Blues zone.
10:12 of 2nd period - Brendan Lemieux is hit by Alex Green and loses puck.
10:25 of 2nd period - Brendan Lemieux is hit by Martin Kaut.
10:47 of 2nd period - Cam York is hit by Oliver Wahlstrom.
11:00 of 2nd period - Off-side.
11:01 of 2nd period - Lias Andersson wins face-off versus Viktor Lodin in neutral zone.
11:04 of 2nd period - Wrist shot by Nils Lundkvist.
11:04 of 2nd period - Stopped by Spencer Knight with a rebound.
12:11 of 2nd period - Slapshot by Brendan Lemieux.
12:11 of 2nd period - Stopped by Mads Sogaard with a rebound.
12:18 of 2nd period - Icing by Oliver Wahlstrom.
12:19 of 2nd period - Joe Snively wins face-off versus Mark Kastelic in Laval Squanderers zone.
13:22 of 2nd period - Slapshot by Simon Holmstrom.
13:22 of 2nd period - Shot Misses the Net.
13:24 of 2nd period - Wrist shot by Simon Holmstrom.
13:24 of 2nd period - Stopped by Spencer Knight with a rebound.
13:26 of 2nd period - Slapshot by Martin Kaut.
13:26 of 2nd period - Deflect By Lias Andersson.
13:26 of 2nd period - Goal by Lias Andersson - Espoo Blues : 2 - Laval Squanderers : 1.
13:27 of 2nd period - Lias Andersson wins face-off versus Derek Grant in neutral zone.
13:39 of 2nd period - Snap shot by Stefan Noesen.
13:39 of 2nd period - Stopped by Mads Sogaard with a rebound.
13:41 of 2nd period - Wrist shot by Derek Grant.
13:41 of 2nd period - Shot Misses the Net.
13:43 of 2nd period - Snap shot by Stefan Noesen.
13:43 of 2nd period - Shot Misses the Net.
13:53 of 2nd period - Justin Barron is hit by Anton Blidh and loses puck.
13:58 of 2nd period - Snap shot by Anton Blidh.
13:58 of 2nd period - Shot Misses the Net.
14:08 of 2nd period - Snap shot by Martin Kaut.
14:08 of 2nd period - Stopped by Spencer Knight with a rebound.
14:46 of 2nd period - Snap shot by Brayden Tracey.
14:46 of 2nd period - Shot Misses the Net.
15:08 of 2nd period - Slapshot by Michael Stone.
15:08 of 2nd period - Shot Blocked by Joey Keane.
15:24 of 2nd period - Mark Kastelic is hit by Patric Hornqvist.
15:42 of 2nd period - Snap shot by Derick Brassard.
15:42 of 2nd period - Shot Misses the Net.
15:53 of 2nd period - Minor Penalty to Mike Hardman for Goalie Interference.
15:54 of 2nd period - Derick Brassard wins face-off versus Martin Kaut in Laval Squanderers zone.
16:03 of 2nd period - Slapshot by Joe Snively.
16:03 of 2nd period - Shot Misses the Net.
16:05 of 2nd period - Snap shot by Joe Snively.
16:05 of 2nd period - Stopped by Mads Sogaard with a rebound.
16:07 of 2nd period - Wrist shot by Stefan Noesen.
16:07 of 2nd period - Goal by Stefan Noesen - Espoo Blues : 3 - Laval Squanderers : 1.
16:08 of 2nd period - Mark Kastelic wins face-off versus Stefan Noesen in neutral zone.
16:17 of 2nd period - Snap shot by Mattias Samuelsson.
16:17 of 2nd period - Stopped by Mads Sogaard with a rebound.
16:19 of 2nd period - Wrist shot by Stefan Noesen.
16:19 of 2nd period - Stopped by Mads Sogaard without a rebound.
16:20 of 2nd period - Mark Kastelic wins face-off versus Derek Grant in Laval Squanderers zone.
16:20 of 2nd period - Mark Kastelic is hit by Stefan Noesen.
16:45 of 2nd period - Joe Snively is hit by Alex Green.
17:13 of 2nd period - Icing by Lukas Reichel.
17:14 of 2nd period - Graeme Clarke wins face-off versus Derek Grant in Laval Squanderers zone.
17:14 of 2nd period - Graeme Clarke is hit by Derek Grant.
18:13 of 2nd period - Wrist shot by Oliver Wahlstrom.
18:13 of 2nd period - Deflect By Mark Kastelic.
18:13 of 2nd period - Stopped by Spencer Knight without a rebound.
18:14 of 2nd period - Lias Andersson wins face-off versus Derek Grant in Espoo Blues zone.
18:29 of 2nd period - Derek Grant is hit by Martin Kaut and loses puck.
18:31 of 2nd period - Justin Barron beats up Derek Grant.
18:31 of 2nd period - Penalty to Justin Barron for Fighting.
18:31 of 2nd period - Penalty to Derek Grant for Fighting.
18:32 of 2nd period - Graeme Clarke wins face-off versus Joe Snively in Espoo Blues zone.
18:37 of 2nd period - Slapshot by Graeme Clarke.
18:37 of 2nd period - Goal by Graeme Clarke - Espoo Blues : 3 - Laval Squanderers : 2.
18:38 of 2nd period - Mark Kastelic wins face-off versus Stefan Noesen in neutral zone.
18:51 of 2nd period - Wrist shot by Oliver Wahlstrom.
18:51 of 2nd period - Shot Misses the Net.
18:53 of 2nd period - Backhand shot by Mark Kastelic.
18:53 of 2nd period - Stopped by Spencer Knight without a rebound.
18:54 of 2nd period - Graeme Clarke wins face-off versus Logan O'Connor in Espoo Blues zone.
18:57 of 2nd period - Wrist shot by Lukas Reichel.
18:57 of 2nd period - Goal by Lukas Reichel - Espoo Blues : 3 - Laval Squanderers : 3.
18:58 of 2nd period - Graeme Clarke wins face-off versus Derick Brassard in neutral zone.
19:05 of 2nd period - Lukas Reichel is hit by Derick Brassard.
19:09 of 2nd period - Wrist shot by Reese Johnson.
19:09 of 2nd period - Deflect By Derick Brassard.
19:09 of 2nd period - Stopped by Spencer Knight with a rebound.
19:23 of 2nd period - Stefan Noesen is hit by Mackenzie MacEachern and loses puck.
19:45 of 2nd period - Brendan Lemieux is hit by Danila Klimovich and loses puck.
19:52 of 2nd period - Snap shot by Mike Hardman.
19:52 of 2nd period - Shot Blocked by Chad Ruhwedel.
Goals for this period are 1 for Espoo Blues vs 3 for Laval Squanderers.
Shots for this period are 6 for Espoo Blues vs 13 for Laval Squanderers.
3rd period
0:01 of 3rd period - Derick Brassard wins face-off versus Lias Andersson in neutral zone.
0:06 of 3rd period - Martin Kaut is hit by Joe Snively and loses puck.
0:25 of 3rd period - Wrist shot by Brendan Lemieux.
0:25 of 3rd period - Deflect By Stefan Noesen.
0:25 of 3rd period - Shot Misses the Net.
0:25 of 3rd period - Puck is out of play.
0:26 of 3rd period - Graeme Clarke wins face-off versus Mattias Janmark in Laval Squanderers zone.
0:53 of 3rd period - Minor Penalty to Derick Brassard for Diving.
0:54 of 3rd period - Lias Andersson wins face-off versus Mattias Janmark in Espoo Blues zone.
2:11 of 3rd period - Mattias Janmark is hit by Martin Kaut and loses puck.
2:46 of 3rd period - Martin Kaut is hit by Anton Blidh and loses puck.
2:53 of 3rd period - Penalty to Derick Brassard is over, Derick Brassard is back on ice.
3:20 of 3rd period - Danila Klimovich is hit by Urho Vaakanainen and loses puck.
3:37 of 3rd period - Kaedan Korczak is hit by Michael Stone and loses puck.
3:48 of 3rd period - Reese Johnson is hit by Derick Brassard and loses puck.
4:01 of 3rd period - Snap shot by Brayden Tracey.
4:01 of 3rd period - Stopped by Spencer Knight without a rebound.
4:02 of 3rd period - Danila Klimovich wins face-off versus Stefan Noesen in Espoo Blues zone.
4:05 of 3rd period - Snap shot by Brayden Tracey.
4:05 of 3rd period - Shot Blocked by Viktor Lodin.
4:23 of 3rd period - Slapshot by Mackenzie MacEachern.
4:23 of 3rd period - Stopped by Spencer Knight with a rebound.
4:43 of 3rd period - Snap shot by Patric Hornqvist.
4:43 of 3rd period - Stopped by Mads Sogaard with a rebound.
6:08 of 3rd period - Gavin Bayreuther is hit by Kaedan Korczak.
6:18 of 3rd period - Cam York is hit by Graeme Clarke and loses puck.
8:21 of 3rd period - Snap shot by Lukas Reichel.
8:21 of 3rd period - Stopped by Spencer Knight without a rebound.
8:22 of 3rd period - Graeme Clarke wins face-off versus Fredrik Karlstrom in Espoo Blues zone.
8:23 of 3rd period - Wrist shot by Lukas Reichel.
8:23 of 3rd period - Shot Misses the Net.
8:47 of 3rd period - Slapshot by Derick Brassard.
8:47 of 3rd period - Stopped by Mads Sogaard with a rebound.
8:49 of 3rd period - Snap shot by Joe Snively.
8:49 of 3rd period - Shot Blocked by Lias Andersson.
8:51 of 3rd period - Slapshot by Chad Ruhwedel.
8:51 of 3rd period - Stopped by Mads Sogaard without a rebound.
8:52 of 3rd period - Lias Andersson wins face-off versus Derek Grant in Laval Squanderers zone.
9:39 of 3rd period - Icing by Graeme Clarke.
9:40 of 3rd period - Graeme Clarke wins face-off versus Derick Brassard in Laval Squanderers zone.
10:06 of 3rd period - Icing by Lukas Reichel.
10:07 of 3rd period - Fredrik Karlstrom wins face-off versus Graeme Clarke in Laval Squanderers zone.
10:28 of 3rd period - Graeme Clarke is hit by Logan O'Connor and loses puck.
11:23 of 3rd period - Wrist shot by Brendan Lemieux.
11:23 of 3rd period - Shot Misses the Net.
11:49 of 3rd period - Wrist shot by Derek Grant.
11:49 of 3rd period - Shot Misses the Net.
12:36 of 3rd period - Snap shot by Lukas Reichel.
12:36 of 3rd period - Stopped by Spencer Knight without a rebound.
12:37 of 3rd period - Derick Brassard wins face-off versus Mark Kastelic in Espoo Blues zone.
12:37 of 3rd period - Derick Brassard is hit by Mark Kastelic.
12:47 of 3rd period - Wrist shot by Derick Brassard.
12:47 of 3rd period - Shot Misses the Net.
12:53 of 3rd period - Snap shot by Mackenzie MacEachern.
12:53 of 3rd period - Shot Misses the Net.
13:08 of 3rd period - Slapshot by Cam York.
13:08 of 3rd period - Shot Misses the Net.
13:10 of 3rd period - Snap shot by Derick Brassard.
13:10 of 3rd period - Stopped by Mads Sogaard with a rebound.
13:12 of 3rd period - Wrist shot by Joe Snively.
13:12 of 3rd period - Espoo Blues goal is going for a video replay.
13:12 of 3rd period - The goal is refused. The attacking player has interfered with a goalkeeper in his goal crease..
13:13 of 3rd period - Fredrik Karlstrom wins face-off versus Lias Andersson in Laval Squanderers zone.
13:20 of 3rd period - Cam York is hit by Lias Andersson and loses puck.
13:27 of 3rd period - Snap shot by Simon Holmstrom.
13:27 of 3rd period - Stopped by Spencer Knight with a rebound.
13:49 of 3rd period - Danila Klimovich is hit by Patric Hornqvist.
14:12 of 3rd period - Wrist shot by Oliver Wahlstrom.
14:12 of 3rd period - Stopped by Spencer Knight without a rebound.
14:13 of 3rd period - Derick Brassard wins face-off versus Lias Andersson in Espoo Blues zone.
14:13 of 3rd period - Derick Brassard is hit by Lias Andersson.
14:26 of 3rd period - Snap shot by Derick Brassard.
14:26 of 3rd period - Deflect By Joe Snively.
14:26 of 3rd period - Shot Blocked by Alex Green.
14:26 of 3rd period - Puck is out of play.
14:27 of 3rd period - Derick Brassard wins face-off versus Mark Kastelic in Laval Squanderers zone.
14:40 of 3rd period - Snap shot by Mark Kastelic.
14:40 of 3rd period - Shot Misses the Net.
14:42 of 3rd period - Slapshot by Alex Green.
14:42 of 3rd period - Stopped by Spencer Knight with a rebound.
14:52 of 3rd period - Lias Andersson is hit by Viktor Lodin and loses puck.
15:00 of 3rd period - Icing by Michael Stone.
15:01 of 3rd period - Danila Klimovich wins face-off versus Viktor Lodin in Espoo Blues zone.
15:04 of 3rd period - Snap shot by Mike Hardman.
15:04 of 3rd period - Stopped by Spencer Knight with a rebound.
15:06 of 3rd period - Snap shot by Kaedan Korczak.
15:06 of 3rd period - Stopped by Spencer Knight with a rebound.
15:08 of 3rd period - Snap shot by Danila Klimovich.
15:08 of 3rd period - Goal by Danila Klimovich - Espoo Blues : 3 - Laval Squanderers : 4.
15:09 of 3rd period - Derick Brassard wins face-off versus Danila Klimovich in neutral zone.
15:16 of 3rd period - Snap shot by Derick Brassard.
15:16 of 3rd period - Shot Misses the Net.
15:26 of 3rd period - Logan O'Connor is hit by Mike Hardman and loses puck.
16:08 of 3rd period - Wrist shot by Oliver Wahlstrom.
16:08 of 3rd period - Shot Misses the Net.
16:10 of 3rd period - Snap shot by Oliver Wahlstrom.
16:10 of 3rd period - Deflect By Stefan Noesen.
16:10 of 3rd period - Shot Misses the Net.
16:10 of 3rd period - Puck is out of play.
16:11 of 3rd period - Derick Brassard wins face-off versus Danila Klimovich in Espoo Blues zone.
16:22 of 3rd period - Slapshot by Logan O'Connor.
16:22 of 3rd period - Stopped by Mads Sogaard without a rebound.
16:23 of 3rd period - Derick Brassard wins face-off versus Danila Klimovich in Laval Squanderers zone.
16:24 of 3rd period - Snap shot by Logan O'Connor.
16:24 of 3rd period - Stopped by Mads Sogaard with a rebound.
16:28 of 3rd period - Slapshot by Derick Brassard.
16:28 of 3rd period - Shot Misses the Net.
16:30 of 3rd period - Snap shot by Derick Brassard.
16:30 of 3rd period - Shot Misses the Net.
16:52 of 3rd period - Snap shot by Patric Hornqvist.
16:52 of 3rd period - Stopped by Mads Sogaard without a rebound.
16:53 of 3rd period - Graeme Clarke wins face-off versus Fredrik Karlstrom in Laval Squanderers zone.
16:53 of 3rd period - Graeme Clarke is hit by Patric Hornqvist.
17:13 of 3rd period - Wrist shot by Anton Blidh.
17:13 of 3rd period - Stopped by Mads Sogaard without a rebound.
17:14 of 3rd period - Danila Klimovich wins face-off versus Logan O'Connor in Laval Squanderers zone.
17:14 of 3rd period - Danila Klimovich is hit by Derick Brassard.
17:22 of 3rd period - Wrist shot by Mike Hardman.
17:22 of 3rd period - Shot Misses the Net.
17:30 of 3rd period - Slapshot by Derick Brassard.
17:30 of 3rd period - Stopped by Mads Sogaard without a rebound.
17:31 of 3rd period - Mark Kastelic wins face-off versus Fredrik Karlstrom in Laval Squanderers zone.
17:31 of 3rd period - Mark Kastelic is hit by Michael Stone.
18:02 of 3rd period - Slapshot by Logan O'Connor.
18:02 of 3rd period - Stopped by Mads Sogaard with a rebound.
18:22 of 3rd period - Nils Lundkvist is hit by Mattias Samuelsson and loses puck.
18:37 of 3rd period - Slapshot by Graeme Clarke.
18:37 of 3rd period - Stopped by Spencer Knight without a rebound.
18:38 of 3rd period - Graeme Clarke wins face-off versus Derek Grant in Espoo Blues zone.
18:45 of 3rd period - Wrist shot by Graeme Clarke.
18:45 of 3rd period - Shot Misses the Net.
18:47 of 3rd period - Wrist shot by Reese Johnson.
18:47 of 3rd period - Goal by Reese Johnson - Espoo Blues : 3 - Laval Squanderers : 5.
18:48 of 3rd period - Fredrik Karlstrom wins face-off versus Danila Klimovich in neutral zone.
18:51 of 3rd period - Kaedan Korczak is hit by Fredrik Karlstrom and loses puck.
19:04 of 3rd period - Slapshot by Kaedan Korczak.
19:04 of 3rd period - Stopped by Spencer Knight with a rebound.
19:14 of 3rd period - Michael Stone is hit by Kaedan Korczak and loses puck.
19:19 of 3rd period - Slapshot by Lukas Reichel.
19:19 of 3rd period - Stopped by Spencer Knight without a rebound.
19:20 of 3rd period - Derek Grant wins face-off versus Graeme Clarke in Espoo Blues zone.
19:31 of 3rd period - Wrist shot by Brendan Lemieux.
19:31 of 3rd period - Shot Blocked by Alex Green.
19:33 of 3rd period - Snap shot by Brendan Lemieux.
19:33 of 3rd period - Stopped by Mads Sogaard with a rebound.
Goals for this period are 0 for Espoo Blues vs 2 for Laval Squanderers.
Shots for this period are 12 for Espoo Blues vs 14 for Laval Squanderers.
Back to the Top